Map: Nightscape CE

Players

Nyck

  • Race: Terran Terran
  • Spawn Location: 1:00

Ekelpack

  • Race: Zerg Zerg
  • Spawn Location: 1:00

sett - Winner!

  • Race: Terran Terran
  • Spawn Location: 7:00

ARDOTL - Winner!

  • Race: Zerg Zerg
  • League: Silver
  • Spawn Location: 7:00

VOD

Have the link to the VOD?

Description

Time

  • Played on: Sept. 11, 2024, 3:40 p.m.
  • Length: 14:37
Show
View Real Time Build Order
Export as new Build Order

Nyck Terran 

Build Orders: Reaper Expand 

Get SALT Encoding   

  12  0:00  SCV  
  13  0:12  SCV  
  14  0:19  Supply Depot  
  14  0:25  SCV  
  15  0:40  SCV  
  15  0:41  Barracks  
  16  0:52  SCV  
  17  0:57  Refinery  
  17  0:59  Refinery  
  17  1:04  SCV  
  18  1:16  SCV  
  19  1:35  Command Center  
  19  1:38  Reaper  
  20  1:45  Orbital Command  
  20  1:59  Barracks  
  20  2:12  Barracks Tech Lab  
  20  2:15  SCV  
  21  2:31  Marine  
  22  2:49  Marine  
  22  3:03  SCV  
  23  3:07  Marine  
  23  3:08  Command Center  
  23  3:12  Barracks  
  24  3:14  Barracks  
  24  3:17  Engineering Bay  
  24  3:19  Factory  
  24  3:24  SCV  
  25  3:45  Orbital Command  
  25  3:47  SCV  
  26  3:59  SCV  
  27  4:09  Factory  
  27  4:11  SCV  
  27  4:13  Barracks Reactor x2  
  28  4:18  Combat Shield  
  28  4:23  SCV  
  29  4:28  Marine  
  31  4:32  Barracks Reactor  
  31  4:34  Terran Infantry Weapons Level 1  
  27  4:47  Marauder  
  29  4:54  Supply Depot  
  29  4:56  Marine  
  23  5:32  Marine x3, Marauder  
  23  5:33  Marine x2  
  20  5:51  Orbital Command  
  20  5:52  Marine  
  20  5:53  Marauder  
  20  6:19  SCV  
  21  6:31  Orbital Command  
  21  6:47  SCV x2  
  23  6:56  SCV  
  23  6:59  SCV x2  
  26  7:08  SCV, Marine x4  
  28  7:09  Marine x2  
  28  7:11  SCV x2, Marauder  
  28  7:13  Terran Infantry Armor Level 1  
  37  7:25  SCV  
  37  7:26  SCV x2  
  40  7:35  Refinery  
  40  7:38  SCV x3  
  40  7:43  Refinery  
  43  7:50  SCV x3  
  46  7:51  Command Center  
  46  7:57  Armory  
  46  8:00  Marine x4  
  46  8:01  Marine  
  46  8:02  SCV x3  
  46  8:03  Marine  
  55  8:07  Marauder  
  57  8:14  SCV x3  
  60  8:26  SCV  
  61  8:40  Refinery x2  
  61  8:48  Supply Depot  
  61  8:56  SCV x2  
  55  9:03  Marine x4  
  55  9:04  Marauder  
  61  9:10  SCV, Marine x2  
  61  9:12  Supply Depot  
  61  9:26  Marauder  
  56  9:35  Supply Depot, Marine x4  
  58  9:53  SCV x2  
  58  9:57  Supply Depot  
  60  10:05  SCV x2  
  62  10:08  Starport  
  62  10:14  Terran Infantry Weapons Level 2  
  62  10:18  SCV  
  62  10:19  SCV  
  62  10:20  Supply Depot  
  64  10:30  Engineering Bay  
  64  10:32  Factory Reactor  
  64  10:33  SCV  
  64  10:34  SCV  
  66  10:39  Marine x2  
  66  10:40  Marine x4  
  66  10:41  Marauder  
  74  10:44  Supply Depot  
  74  10:46  SCV x2  
  76  10:58  Supply Depot  
  76  11:10  Stimpack  
  76  11:18  SCV x2  
  76  11:21  Supply Depot  
  78  11:30  SCV  
  78  11:31  SCV, Marine x4  
  78  11:32  Marine  
  85  11:33  Marine, Marauder  
  88  11:43  SCV  
  88  11:45  Supply Depot  
  73  11:55  SCV, Marine x5  
  73  11:56  Marine  
  80  12:10  SCV  
  81  12:17  Medivac x2  
  81  12:20  Supply Depot  
  81  12:22  SCV  
  86  12:33  Marine x3  
  86  12:34  Marine x3  
  86  12:35  Marauder  
  94  12:41  Terran Vehicle And Ship Armor Level 1  
  94  12:43  Supply Depot  
  94  12:47  Medivac x2  
  98  13:05  Supply Depot  
  98  13:19  Marine  
  98  13:20  Marine x4  
Show
View Real Time Build Order
Export as new Build Order

Ekelpack Zerg 

Build Orders: Hatch First 

Get SALT Encoding   

  12  0:00  Drone  
  13  0:13  Overlord  
  13  0:17  Drone  
  14  0:34  Drone  
  15  0:49  Drone  
  16  0:50  Hatchery  
  16  0:56  Drone  
  16  1:09  Spawning Pool  
  15  1:11  Drone  
  15  1:15  Extractor  
  15  1:16  Drone  
  16  1:21  Drone  
  16  1:23  Drone  
  18  1:37  Drone  
  19  1:48  Drone  
  19  1:53  Extractor  
  19  1:59  Queen  
  21  2:02  Drone  
  21  2:05  Drone, Queen  
  25  2:10  Drone  
  25  2:14  Drone  
  27  2:20  Drone  
  28  2:26  Overlord  
  28  2:47  Lair  
  28  2:58  Extractor  
  28  2:59  Drone x2, Overlord  
  28  3:00  Drone x3  
  32  3:05  Metabolic Boost  
  32  3:13  Drone  
  32  3:17  Drone x3, Extractor  
  32  3:18  Overlord  
  35  3:20  Drone x2  
  37  3:27  Drone  
  37  3:33  Drone x2  
  40  3:49  Spire  
  40  3:53  Drone x5  
  44  3:56  Overlord  
  44  4:04  Drone  
  45  4:12  Overlord  
  45  4:29  Overlord  
  45  4:52  Overlord  
  45  5:04  Mutalisk x7  
  40  5:29  Zerg Flyer Weapons Level 1  
  40  5:34  Mutalisk  
  40  5:35  Mutalisk x6  
  46  5:37  Drone  
  46  5:38  Drone  
  50  5:59  Mutalisk  
  51  6:05  Drone x5  
  56  6:26  Zergling x8  
  56  6:27  Zergling x6  
  56  6:32  Drone  
  62  6:57  Mutalisk  
  62  6:58  Mutalisk x4  
  62  7:01  Queen  
  72  7:06  Overlord  
  74  7:14  Mutalisk x2  
  78  7:16  Overlord x2  
  72  8:14  Drone x3  
  72  8:15  Drone x4  
  77  8:31  Overseer  
  77  8:36  Hatchery  
  77  8:41  Mutalisk x6  
  76  8:42  Mutalisk x2  
  61  9:21  Zergling x4  
  61  9:22  Zergling x8  
  47  9:42  Mutalisk x2  
  41  9:54  Overseer  
  41  9:58  Mutalisk  
  41  9:59  Mutalisk x4  
  51  10:08  Extractor  
  51  10:09  Extractor  
  49  10:15  Drone x3  
  52  10:23  Drone x2  
  54  10:33  Drone  
  55  10:38  Drone x5  
  60  10:43  Drone  
  61  10:50  Infestation Pit  
  61  10:54  Mutalisk x2  
  61  10:55  Mutalisk x3  
  70  11:16  Drone  
  70  11:17  Drone  
  72  11:26  Hive  
  72  11:57  Overlord x2  
  72  12:05  Mutalisk x7  
  72  12:06  Mutalisk x7  
  72  12:07  Mutalisk x2  
  104  12:11  Overlord  
  104  12:23  Evolution Chamber  
  103  12:45  Ultralisk Cavern  
  92  13:39  Ultralisk  
  92  13:40  Ultralisk x4  
  98  13:51  Ultralisk  
Show
View Real Time Build Order
Export as new Build Order

sett Terran - Winner!

Build Orders: Gas First Reaper Expand, Liberator Opening 

Get SALT Encoding   

  12  0:01  SCV  
  13  0:13  SCV  
  14  0:17  Supply Depot  
  14  0:26  SCV  
  15  0:31  Refinery  
  15  0:42  Barracks  
  15  0:46  SCV  
  16  0:58  SCV  
  17  1:10  SCV  
  18  1:22  SCV  
  19  1:33  Reaper  
  19  1:39  Command Center  
  20  1:52  Orbital Command  
  20  2:06  Factory  
  20  2:15  Barracks Reactor  
  20  2:18  SCV  
  20  2:21  Supply Depot  
  21  2:36  SCV  
  23  3:04  Orbital Command  
  21  3:07  Starport  
  21  3:08  SCV  
  21  3:09  Refinery  
  21  3:10  Barracks Tech Lab  
  21  3:12  Hellion x2  
  26  3:20  SCV  
  27  3:30  Orbital Command, Marine  
  27  3:33  Stimpack  
  28  3:36  Hellion x2  
  32  3:44  Supply Depot  
  32  3:48  Marine  
  33  3:50  SCV  
  34  3:59  Liberator  
  34  4:02  SCV x2  
  39  4:05  Marine  
  40  4:14  SCV x2  
  42  4:19  Supply Depot  
  42  4:23  Marine, Barracks  
  43  4:24  Barracks  
  43  4:26  SCV, Widow Mine  
  46  4:47  Marine  
  46  4:48  Widow Mine  
  46  4:49  Liberator, Widow Mine  
  54  4:54  Supply Depot, SCV  
  55  5:05  Marine  
  56  5:22  Marine  
  57  5:32  Hellion x2  
  61  5:40  SCV x2, Marine  
  60  5:52  SCV  
  56  5:58  Marine  
  56  6:03  Combat Shield, Barracks Reactor  
  56  6:04  Barracks Tech Lab  
  54  6:06  Starport Reactor  
  54  6:08  Barracks  
  54  6:09  SCV x2  
  56  6:14  Engineering Bay  
  56  6:16  Marine  
  57  6:19  Refinery, Widow Mine x2  
  57  6:21  SCV x2, Refinery  
  63  6:28  Supply Depot  
  63  6:33  SCV x2  
  63  6:34  Marine  
  63  6:38  Marine  
  67  6:43  Marine x2, Barracks  
  67  6:45  SCV  
  70  6:51  Marine  
  70  6:56  Marine  
  70  7:00  SCV x2  
  70  7:01  Marine  
  74  7:06  Missile Turret  
  74  7:09  Marine  
  74  7:10  Widow Mine  
  74  7:11  Missile Turret  
  74  7:12  SCV  
  78  7:20  Barracks Reactor  
  78  7:31  Marine  
  78  7:32  SCV  
  78  7:33  Supply Depot x2, Marine, Barracks Reactor  
  78  7:50  Liberator x2  
  78  7:51  SCV x2, Widow Mine  
  88  7:58  Supply Depot  
  88  7:59  Marine x2, Command Center  
  88  8:02  Marine  
  91  8:11  Marine x2  
  91  8:12  Marine x2  
  95  8:21  Marine x3  
  95  8:23  Widow Mine x2  
  100  8:30  Marine x3  
  100  8:31  Marine  
  100  8:33  Liberator, Medivac  
  109  8:44  Widow Mine  
  107  9:03  Medivac  
  107  9:05  Marine x2  
  107  9:06  Marine x6  
  117  9:10  Widow Mine x2  
  117  9:16  Medivac  
  107  9:23  Marine  
  92  9:33  Marine x3, Liberator  
  88  9:58  Marine x5  
  88  9:59  SCV x2  
  95  10:03  SCV  
  96  10:08  Marine x2  
  96  10:09  Marine  
  96  10:10  Missile Turret  
  96  10:11  SCV x2, Widow Mine x2  
  105  10:15  Terran Infantry Weapons Level 1, Engineering Bay  
  105  10:16  Marine  
  105  10:19  Marine  
  105  10:20  Marine, Armory  
  108  10:22  Marine  
  108  10:23  SCV  
  108  10:24  Medivac  
  108  10:25  Starport  
  112  10:30  Missile Turret  
  112  10:32  Orbital Command  
  112  10:49  Refinery  
  112  10:52  Factory  
  112  11:00  Supply Depot  
  112  11:06  SCV x3  
  112  11:11  Terran Infantry Armor Level 1  
  115  11:13  Marine x3  
  115  11:14  Marine x5, Refinery  
  115  11:15  Widow Mine x2  
  127  11:18  SCV x2  
  127  11:19  SCV  
  127  11:20  Medivac  
  127  11:22  Medivac  
  134  11:25  Supply Depot  
  134  11:26  Supply Depot  
  134  11:27  Terran Ship Weapons Level 1  
  134  11:30  SCV  
  134  11:31  Marine x3  
  134  11:32  Marine x3  
  141  12:05  Marine x4  
  141  12:06  Marine x4  
  141  12:07  Widow Mine x2  
  141  12:08  Medivac x2  
  157  12:12  Starport Reactor  
  157  12:15  Supply Depot  
  157  12:36  Marine x6  
  165  12:37  Widow Mine  
  165  12:39  Supply Depot  
  165  12:42  Supply Depot  
  165  12:43  Marine, Liberator x2  
  172  12:49  Liberator x2  
  178  12:51  Command Center  
  178  12:56  Armory  
  178  13:26  Liberator x2  
  184  13:32  Liberator  
Show
View Real Time Build Order
Export as new Build Order

ARDOTL Zerg - Winner!

Build Orders: Hatch First 

Get SALT Encoding   

  12  0:01  Drone  
  13  0:13  Overlord  
  13  0:17  Drone  
  14  0:31  Drone  
  14  0:32  Drone  
  14  0:35  Drone  
  17  0:59  Hatchery, Extractor  
  15  1:09  Spawning Pool  
  14  1:18  Drone x2  
  16  1:27  Drone  
  17  2:01  Roach Warren, Drone x2, Extractor  
  15  2:02  Drone, Queen  
  20  2:10  Queen  
  20  2:12  Extractor  
  20  2:13  Zergling x2  
  22  2:17  Zergling x2  
  23  2:24  Overlord  
  23  2:33  Drone x2  
  25  2:49  Drone  
  25  2:50  Drone x2  
  28  2:54  Lair  
  28  2:59  Drone  
  28  3:01  Drone  
  30  3:06  Drone  
  31  3:22  Overlord  
  31  3:23  Drone  
  31  3:24  Drone  
  33  3:29  Roach  
  35  3:35  Overlord  
  35  3:42  Roach x2  
  39  3:55  Drone x4  
  43  3:57  Extractor  
  43  4:00  Glial Reconstitution  
  42  4:18  Drone x4  
  42  4:19  Drone  
  47  4:36  Roach  
  47  4:37  Roach  
  47  4:38  Overlord  
  51  4:46  Overlord  
  51  4:47  Overlord  
  51  4:56  Evolution Chamber  
  51  4:58  Infestation Pit, Evolution Chamber  
  48  5:06  Roach x3  
  58  5:31  Drone  
  47  5:46  Spore Crawler x2  
  43  5:50  Spore Crawler  
  43  5:51  Spore Crawler  
  43  5:52  Spore Crawler  
  43  5:54  Hydralisk Den  
  39  5:58  Spore Crawler  
  39  6:01  Zerg Ground Armor Level 1, Zerg Missile Weapons Level 1  
  36  6:05  Drone  
  36  6:06  Drone x3  
  34  6:23  Hydralisk x3  
  40  6:34  Drone x3  
  40  6:35  Drone  
  43  6:57  Hydralisk x4  
  51  7:04  Drone x2  
  51  7:05  Drone  
  54  7:11  Grooved Spines  
  54  7:19  Drone x3  
  57  7:37  Hydralisk  
  57  7:38  Hydralisk x3  
  65  7:50  Lurker Den  
  64  8:02  Muscular Augments  
  64  8:03  Hydralisk x3  
  70  8:05  Hydralisk  
  70  8:08  Hatchery  
  71  8:14  Drone x4  
  75  8:23  Overlord  
  75  8:24  Overlord  
  75  8:29  Zerg Missile Weapons Level 2  
  75  8:35  Zerg Ground Armor Level 2  
  75  9:03  Hydralisk x3  
  75  9:04  Hydralisk  
  75  9:05  Lurker  
  75  9:07  Overlord x3  
  75  9:08  Overlord  
  69  9:39  Hydralisk x8  
  85  9:57  Drone x3  
  85  9:59  Queen  
  88  10:02  Hatchery  
  88  10:05  Drone x2  
  91  10:39  Overlord  
  91  10:40  Overlord x3  
  91  10:41  Drone x3  
  91  10:42  Drone  
  95  10:52  Hive  
  95  10:55  Hatchery  
  94  10:57  Hydralisk  
  94  10:58  Hydralisk x5  
  107  11:08  Hatchery  
  106  11:18  Queen x3  
  112  11:31  Infestor x4, Hydralisk  
  112  11:32  Hydralisk x2  
  126  11:53  Hydralisk  
  128  11:54  Hydralisk x7  
  142  12:22  Infestor x3  
  142  12:23  Infestor  
  142  12:25  Drone  
  142  12:26  Drone x14  
  165  12:46  Drone, Extractor  
  165  12:47  Drone  
  166  12:51  Extractor  
  165  13:09  Hatchery  
  165  13:11  Spore Crawler x2  
  165  13:12  Spore Crawler  
  161  13:13  Spore Crawler  
  161  13:14  Spore Crawler x2  
  110  13:54  Zergling x2  
  110  13:55  Zergling x30  
  118  13:56  Zergling x18  
Tags
 
Add a new tag
Caveats
  • Supply blocks, unpowered buildings, or Contaminate may cause inaccurate times.
  • Supply counts are checked every 10 seconds.